 Dungeon Crawl Stone Soup version 0.17.0-28-g6e173f8 (webtiles) character file.

2096 dohliylev the Thaumaturge (level 9, -3/45 HPs)
             Began as a Gargoyle Venom Mage on Nov 29, 2015.
             Was a Believer of Sif Muna.
             Shot with an arrow by a centaur (8 damage)
             ... on level 8 of the Dungeon.
             The game lasted 00:59:06 (8687 turns).

dohliylev the Thaumaturge (Gargoyle Venom Mage)     Turns: 8687, Time: 00:59:06

Health: -3/45      AC:  7    Str: 13    XL:     9   Next: 27%
Magic:  12/21      EV:  7    Int: 18    God:    Sif Muna [**....]
Gold:   420        SH:  0    Dex: 10    Spells: 3 memorised, 16 levels left

rFire  + . .     SeeInvis .     M - +9 quarterstaff "Zoan" {crush, *Contam rF++ rN++}
rCold  + . .     Clarity  .     a - +0 robe
rNeg   + + +     SustAt   .     (shield currently unavailable)
rPois  ∞         Gourm    .     (no helmet)
rElec  +         Spirit   .     (no cloak)
rCorr  .         Warding  .     (no gloves)
rMut   .         Stasis   .     (no boots)
MR     .....                    (no amulet)
Stlth  ++........               (no ring)
                                k - ring of ice

@: not resistant to hostile enchantments, unstealthy
A: negative energy resistance 1, electricity resistance, unbreathing,
petrification resistance, rot immunity, AC +5
a: Channel Energy, Forget Spell, Renounce Religion


You were on level 8 of the Dungeon.
You worshipped Sif Muna.
Sif Muna was pleased with you.
You were not hungry.

You visited 2 branches of the dungeon, and saw 9 of its levels.
You also visited: Sewer.

You collected 420 gold pieces.

Inventory:

Hand Weapons
 n - a +0 short sword of speed
 A - a +0 long sword of slicing
 E - a +2 flail of protection
 F - a +2 dagger of flaming
 L - a +2 flail of crushing
 M - the +9 quarterstaff "Zoan" (weapon) {crush, *Contam rF++ rN++}
   (You found it on level 7 of the Dungeon)

   It inflicts extra damage upon your enemies.
   It greatly protects you from fire.
   It greatly protects you from negative energy.
   It causes magical contamination when unequipped.
Armour
 a - a +0 robe (worn)
 I - a +0 scale mail
Jewellery
 k - a ring of ice (left hand)
Wands
 N - a wand of random effects (18)
Scrolls
 d - 7 scrolls of remove curse {unknown}
 e - 8 scrolls of identify {unknown}
 i - 3 scrolls of magic mapping {unknown}
 m - 2 scrolls of random uselessness {unknown}
 o - 2 scrolls of noise {unknown}
 r - 3 scrolls of blinking {unknown}
 u - 2 scrolls of recharging {unknown}
 w - a scroll of immolation {unknown}
 x - a scroll of enchant weapon {unknown}
 y - a scroll of amnesia {unknown}
 z - a scroll of fear {unknown}
 K - a scroll of teleportation {unknown}
Potions
 f - 2 potions of brilliance {unknown}
 h - 2 potions of flight {unknown}
 p - 2 potions of poison {unknown}
 q - a potion of cure mutation {unknown}
 s - 5 potions of heal wounds {unknown}
 t - a potion of curing {unknown}
 B - a potion of berserk rage
 C - a potion of haste {unknown}
 D - a potion of resistance {unknown}
 G - a potion of agility {unknown}
 J - a potion of cancellation {unknown}
 O - a potion of mutation {unknown}
Books
 b - a Young Poisoner's Handbook

   Spells                             Type                      Level
   a - Sting                          Conjuration/Poison           1
   b - Cure Poison                    Poison                       2
   c - Mephitic Cloud                 Conjuration/Poison/Air       3
   d - Olgreb's Toxic Radiance        Poison                       4
   e - Venom Bolt                     Conjuration/Poison           5
Comestibles
 c - 2 bread rations
 g - 3 meat rations
 j - 3 slices of pizza
 l - 2 royal jellies
 v - 3 beef jerkies
 H - 3 chunks of flesh


   Skills:
 - Level 1.0(1.5) Maces & Flails
 * Level 1.9(2.0) Staves
 - Level 1.5 Dodging
 - Level 2.1 Stealth
 * Level 8.3 Spellcasting
 + Level 4.7 Conjurations
 + Level 1.0 Air Magic
 + Level 7.1 Poison Magic
 + Level 0.2 Invocations


You had 16 spell levels left.
You knew the following spells:

 Your Spells              Type           Power        Failure   Level  Hunger
a - Sting                 Conj/Pois      ####         1%          1    None
b - Mephitic Cloud        Conj/Pois/Air  ###.....     6%          3    None
c - Olgreb's Toxic Radia  Pois           ####....     6%          4    ###....


Dungeon Overview and Level Annotations

Branches:
Dungeon (8/15)             Temple (1/1) D:4
   Lair: D:8-11

Altars:
Ashenzari
Cheibriados
Dithmenos
Elyvilon
Fedhas
Gozag
Kikubaaqudgha
Makhleb
Nemelex Xobeh
Okawaru
Qazlal
Ru
Sif Muna
Trog
Vehumet
Xom
Yredelemnul
Zin
The Shining One

Shops:
D:4 !?:

Annotations:
D:3 coffecat's ghost, weakling CeAM


Innate Abilities, Weirdness & Mutations

You are resistant to torment.
Your stone body is resilient (AC +5).
You are immune to poison.
You resist negative energy.
You are resistant to electric shocks.
You can survive without breathing.
You are immune to petrification.
You are immune to rotting.


Message History

The orc priest is poisoned.
The orc is poisoned.
The orc is poisoned.
The orc closely misses you.
An orc and an orc priest come into view.
The orc warrior looks even sicker.
The orc looks even sicker.
The orc looks even sicker.
The centaur is poisoned.
The centaur shoots an arrow.
The arrow hits you.
You see here an arrow.
You kill the orc! x2
Your toxic aura wanes.
The centaur shoots an arrow.
The arrow hits you!
Things that are here:
2 arrows; a necrophage corpse The orc priest calls down the wrath of Beogh upon you.
Something smites you!
* * * LOW HITPOINT WARNING * * *
The centaur shoots an arrow.
The arrow barely misses you.
The centaur shoots an arrow.
The arrow closely misses you.
There is a stone staircase leading up here.
The centaur shoots an arrow.
The arrow hits you!
You die...

..# ###....##....
...##.............
..................
#.................
##......#.......o.
#.......(.....o...
#.$.........?.....
##..(()oo...#
#.@.##†...###
#...####..##
#..c## ..# .....#
.## .....# .#
....# ## .... ...


You could see an orc warrior, a centaur and an orc priest.

Vanquished Creatures
  A wyvern (D:8)
  Edmund (D:6)
  An ice beast (D:6)
  A necrophage (D:8)
  2 ogres (D:7)
  2 centaurs
  Blork the orc (D:5)
  2 big kobolds
  2 giant frogs (D:6)
  A scorpion (D:7)
  A giant frog zombie (D:5)
  4 hounds
  3 centaur skeletons
  6 crimson imps
  An orc priest (D:5)
  3 iguanas
  Natasha (D:3)
  A worker ant (D:4)
  A killer bee zombie (D:6)
  A hound zombie (D:7)
  4 gnolls
  9 adders
  3 river rats
  2 shadow imps (D:5)
  An adder skeleton (D:4)
  2 adder zombies
  5 worms
  4 giant geckos
  35 orcs
  5 ball pythons
  10 hobgoblins
  13 jackals
  15 kobolds
  2 quokkas
  6 bats
  8 giant cockroaches
  2 giant gecko skeletons (D:6)
  4 giant newts
  5 goblins
  A jackal zombie (D:7)
  7 rats
179 creatures vanquished.

Notes
Turn   | Place    | Note
--------------------------------------------------------------
     0 | D:1      | dohliylev the Gargoyle Venom Mage began the quest for the Orb.
     0 | D:1      | Reached XP level 1. HP: 10/10 MP: 3/3
   226 | D:1      | Reached XP level 2. HP: 15/15 MP: 0/5
   754 | D:1      | Reached XP level 3. HP: 19/19 MP: 0/7
   759 | D:1      | Learned a level 3 spell: Mephitic Cloud
   914 | D:1      | Found a glowing golden altar of the Shining One.
  1446 | D:2      | Reached XP level 4. HP: 24/24 MP: 5/8
  1534 | D:2      | Found a glowing silver altar of Zin.
  1647 | D:2      | Reached skill level 1 in Conjurations
  2061 | D:2      | Reached XP level 5. HP: 28/28 MP: 4/10
  2440 | D:2      | Learned a level 4 spell: Olgreb's Toxic Radiance
  2737 | D:3      | Noticed coffecat's ghost (weakling CeAM)
  3089 | D:3      | Found a glowing drain.
  3114 | Sewer    | Entered a sewer
  3238 | Sewer    | Reached skill level 5 in Poison Magic
  3238 | Sewer    | Reached XP level 6. HP: 22/32 MP: 0/12
  3367 | Sewer    | Found a glowing silver altar of Zin.
  3702 | D:3      | Noticed Natasha
  3716 | D:3      | Killed Natasha
  4005 | D:4      | Found a sand-covered staircase.
  4077 | D:4      | Found Onuar's Distillery.
  4090 | D:4      | Found a radiant altar of Vehumet.
  4128 | D:4      | Found Follibb's Magic Scroll Shop.
  4224 | D:4      | Found a staircase to the Ecumenical Temple.
  4249 | Temple   | Entered the Ecumenical Temple
  4332 | Temple   | Became a worshipper of Sif Muna the Loreminder
  4519 | D:4      | Found Aclebic's Book Emporium.
  4618 | D:4      | Reached skill level 5 in Spellcasting
  4769 | D:4      | Found a shattered altar of Ashenzari.
  5009 | D:4      | Reached XP level 7. HP: 36/36 MP: 9/14
  5084 | D:5      | Entered Level 5 of the Dungeon
  5085 | D:5      | Found a sacrificial altar of Ru.
  5213 | D:5      | Noticed Blork the orc
  5223 | D:5      | Killed Blork the orc
  5841 | D:5      | Found an opulent altar of Gozag.
  6160 | D:5      | Reached * piety under Sif Muna
  6394 | D:6      | Noticed Edmund
  6511 | D:6      | Reached skill level 6 in Spellcasting
  6717 | D:6      | Reached XP level 8. HP: 23/41 MP: 5/17
  7322 | D:6      | Killed Edmund
  7661 | D:6      | Reached skill level 7 in Spellcasting
  8064 | D:6      | Reached ** piety under Sif Muna
  8244 | D:7      | Found a bloodstained altar of Trog.
  8291 | D:7      | Got an encrusted quarterstaff
  8322 | D:7      | Reached skill level 1 in Maces & Flails
  8327 | D:7      | Identified the +9 quarterstaff "Zoan" {crush, *Contam rF++ rN++} (You found it on level 7 of the Dungeon)
  8351 | D:7      | Found a shimmering altar of Xom.
  8438 | D:7      | Reached XP level 9. HP: 45/45 MP: 17/20
  8479 | D:7      | Reached skill level 1 in Staves
  8479 | D:7      | Reached skill level 8 in Spellcasting
  8678 | D:8      | Reached skill level 1 in Air Magic
  8687 | D:8      | Shot with an arrow by a centaur

Action                   |  1- 3 |  4- 6 |  7- 9 || total
-------------------------+-------+-------+-------++-------
Melee: Unarmed           |    12 |       |       ||    12
       Dagger            |    12 |    12 |       ||    24
       Short sword       |       |   135 |   172 ||   307
       Flail             |       |       |   105 ||   105
       Quarterstaff      |       |       |    35 ||    35
 Cast: Sting             |    73 |   119 |   126 ||   318
       Mephitic Cloud    |     2 |    10 |    22 ||    34
       Olgreb's Toxic Ra |       |    10 |    19 ||    29
Invok: Channel Energy    |       |       |     1 ||     1
 Stab: Sleeping          |       |     1 |     2 ||     3
  Eat: Chunk             |     3 |    15 |     8 ||    26
       Bread ration      |       |       |     2 ||     2
